 Dungeon Crawl Stone Soup version 0.31-a0-1499-ge0622b2318 (webtiles) character file.

Game seed: 13505291285813307477

4 IdlyInterested the Sneak (level 1, 0/16 HPs)
             Began as a Demonspawn Brigand on Dec 29, 2023.
             Succumbed to a kobold's poison
             ... on level 1 of the Dungeon.
             The game lasted 00:00:55 (49 turns).

IdlyInterested the Sneak (Demonspawn Brigand)         Turns: 49, Time: 00:00:55

Health: 0/16       AC:  3    Str: 11    XL:     1   Next: 50%
Magic:  1/1        EV: 11    Int: 11    God:
Gold:   0          SH:  0    Dex: 14    Spells: 0/0 levels left

rFire   . . .        a - +2 dagger
rCold   . . .        (no shield)
rNeg    . . .        b - +0 robe
rPois   .            (no helmet)
rElec   .            c - +0 cloak
rCorr   .            (no gloves)
SInv    .            (no boots)
Will    .....        (no amulet)
Stlth   ++           (no ring)
HPRegen 0.22/turn    (no ring)
MPRegen 0.07/turn

%: no passive effects
@: lethally poisoned (0 -> -3)
A: no striking features
a: no special abilities


You were on level 1 of the Dungeon.
You visited 1 branch of the dungeon, and saw 1 of its levels.

Inventory:

Hand Weapons
 a - a +2 dagger (weapon)
Missiles
 d - 8 poisoned darts (quivered)
 e - 3 curare-tipped darts
Armour
 b - a +0 robe (worn)
 c - a +0 cloak (worn)
Scrolls
 f - a scroll of blinking {unknown}


   Skills:
 - Level 2.0 Fighting
 - Level 2.0 Short Blades
 - Level 2.0 Throwing
 + Level 0.9 Dodging
 - Level 3.6 Stealth


You couldn't memorise any spells.
You didn't know any spells.
Your spell library was empty.

Dungeon Overview and Level Annotations

Branches:
Dungeon (1/15)

Altars:


Message History

A kobold comes into view. It is wielding a +0 whip.
The quokka bites you but does no damage.
Found 12 gold pieces.
The quokka attacks as it pursues you! The quokka bites you.
You see here a scroll labelled MYJEENKONI.
You hit the quokka.
You kill the quokka!
Training target 2.0 for Short Blades reached!
Your Short Blades skill increases to level 2!
You need to enable at least one skill for training.
Throw: 9 darts (poison)
Press: ? - help, Q - select action, (/) - cycle Shift-Dir - straight line, f - kobold
Aim: a kobold, wielding a +1 dagger of venom and quivering stones (47% to hit)
You throw a poisoned dart.
The poisoned dart closely misses the kobold.
You hit the kobold but do no damage.
The kobold hits you with a +1 dagger of venom.
You are lethally poisoned!
You hit the kobold.
You kill the kobold!
* * * LOW HITPOINT WARNING * * *
You feel sick.
Training target 2.0 for Throwing reached!
Your Throwing skill increases to level 2!
You need to enable at least one skill for training.
You aren't carrying any potions.
* * * LOW HITPOINT WARNING * * *
You feel sick.
Things that are here:
a +1 dagger of venom; 5 stones; a quokka corpse
* * * LOW HITPOINT WARNING * * *
You feel sick. The kobold completely misses you.
You closely miss the kobold.
* * * LOW HITPOINT WARNING * * *
You feel sick.
The endoplasm quivers.
The kobold closely misses you.
You hit the endoplasm.
The endoplasm is moderately wounded.
You die...

............#
............#
.......!....# .
............# #$.
..........[.##...
.......$.......# ##
............### ##..#
.....###......###....#
.....# ######.(.@J..#
.....# ###)#K..#
.....# #?#..## .....#
#....# ....## ##..##
...## ..# #### #.# .#
$.


You could see an endoplasm and a kobold.

Vanquished Creatures
  A kobold (D:1)
  A quokka (D:1)
  2 bats (D:1)
4 creatures vanquished.

Notes
Turn   | Place    | Note
-------+----------+-------------------------------------------
     0 | D:1      | IdlyInterested the Demonspawn Brigand began the quest for
                  | the Orb.
     0 | D:1      | Reached XP level 1. HP: 16/16 MP: 1/1
    49 | D:1      | Succumbed to a kobold's poison

Illustrated notes

Levels and vault maps discovered:
D:1:      dpeg_arrival_long_road, layout_rooms,
          ebering_ecumenical_altar_petrified, minmay_misc_feat_x

Skill      XL: |  1 |
---------------+----+-----
Short Blades   | 2 |  2.0
Throwing       | 2 |  2.0
Fighting       | |  2.0
Dodging        | |  0.9
Stealth        | |  3.6

Action                     || total
---------------------------++-------
  Melee: Dagger            ||    11
  Throw: Dart              ||     1
   Stab: Sleeping          ||     1
 Armour: Robe              ||    13
  Dodge: Dodged            ||    15

Table legend: (Time is in decaauts)
 A = Elapsed time spent in this place.
 B = Non-inter-level travel time spent in this place.
 C = Inter-level travel time spent in this place.
 D = Time resting spent in this place.
 E = Time spent auto-exploring this place.
 F = Levels seen in this place.
 G = Mean time per level.
                   A        B        C        D        E       F      G
               +--------+--------+--------+--------+--------+-----+--------+
         Total |     48 |     48 |      0 |      0 |      1 |   1 |   48.0 |
       Dungeon |     48 |     48 |      0 |      0 |      1 |   1 |   48.0 |
               +--------+--------+--------+--------+--------+-----+--------+

Top non-repeatable levels by time:
     D:1: 48 daAuts
